 Dungeon Crawl Stone Soup version 0.20.1-1-g8b1a95d (webtiles) character file.

3675 letownia2 the Thaumaturge (level 9, -2/79 HPs)
             Began as a Deep Dwarf Necromancer on Oct 30, 2017.
             Was an Initiate of Gozag.
             Slain by a two-headed ogre
             ... wielding a +0 giant club
              (12 damage)
             ... on level 9 of the Dungeon.
             The game lasted 00:20:14 (7867 turns).

letownia2 the Thaumaturge (Deep Dwarf Necromancer)  Turns: 7867, Time: 00:20:14

Health: -2/79      AC: 13    Str: 14    XL:     9   Next: 89%
Magic:  1/37       EV: 10    Int: 17    God:    Gozag
Gold:   621        SH:  0    Dex: 13    Spells: 23/27 levels left

rFire    . . .     SeeInvis +   a - staff of power
rCold    . . .     Gourm    .   (no shield)
rNeg     . . .     Faith    .   i - +0 scale mail
rPois    .         Spirit   .   B - +0 helmet
rElec    .         Reflect  .   h - +0 cloak
rCorr    .         Harm     .   y - +2 pair of gloves
MR       +....                  k - +0 pair of boots
Stlth    ..........             (no amulet)
Regen    0.0/turn               t - ring of see invisible
MPRegen  0.3/turn               z - ring of loudness (curse)

@: very slightly contaminated, non-regenerating
A: damage resistance, heal wounds, sense surroundings 2, no regeneration
a: Heal Wounds, Potion Petition, Call Merchant, Bribe Branch, Renounce Religion


You were on level 9 of the Dungeon.
You worshipped Gozag.
Gozag was pleased with you.
You were not hungry.

You visited 2 branches of the dungeon, and saw 10 of its levels.

You collected 1215 gold pieces.
You paid 594 gold pieces to Gozag.

Inventory:

Hand Weapons
 b - a +4 flail of draining
 l - a +1 dagger of chaos
 q - a +2 quarterstaff of chaos
 w - the +0 battleaxe of Unreason {pain, Dex+5}
   (You found it on level 5 of the Dungeon)

   In the hands of one skilled in necromantic magic, it inflicts extra damage on
   living creatures.
   It affects your dexterity (+5).
 M - a +0 war axe
 N - a +2 dagger of speed
Missiles
 r - 32 poisoned needles
Armour
 h - a +0 cloak (worn)
 i - a +0 scale mail (worn)
 k - a +0 pair of boots (worn)
 u - a +0 ring mail
 y - a +2 pair of gloves (worn)
 B - a +0 helmet (worn)
 C - a +2 robe of fire resistance
Magical Staves
 a - an uncursed staff of power (weapon)
Jewellery
 t - a ring of see invisible (left hand)
 z - a cursed ring of loudness (right hand)
 L - an uncursed ring of ice
Wands
 n - a wand of digging (4/24)
Scrolls
 e - 2 scrolls of identify
 f - a scroll of blinking {unknown}
 g - 2 scrolls of fear {unknown}
 j - 8 scrolls of teleportation
 o - 3 scrolls of remove curse {unknown}
 v - 2 scrolls of fog
 x - a scroll of enchant armour {unknown}
 D - 2 scrolls of amnesia {unknown}
 E - 2 scrolls of recharging
 H - 3 scrolls of enchant weapon {unknown}
 P - 2 scrolls of immolation {unknown}
Potions
 d - 7 potions of curing {unknown}
 m - a potion of invisibility
 p - 6 potions of might {unknown}
 s - 2 potions of cancellation {unknown}
 A - 4 potions of heal wounds
 F - 2 potions of flight {unknown}
 G - a potion of agility {unknown}
 I - a potion of ambrosia
 K - 2 potions of degeneration {unknown}
 O - a potion of berserk rage {unknown}
Comestibles
 c - 5 bread rations
 J - 4 fruits


   Skills:
 + Level 4.6 Fighting
 - Level 3.0 Armour
 - Level 2.1 Dodging
 - Level 2.4 Stealth
 - Level 9.5 Spellcasting
 - Level 8.3 Necromancy


You had 23 spell levels left.
You knew the following spells:

 Your Spells              Type           Power        Failure   Level  Hunger
a - Pain                  Necr           ####         1%          1    None
v - Vampiric Draining     Necr           #####.....   3%          3    None


Dungeon Overview and Level Annotations

Branches:
Dungeon (9/15)             Temple (1/1) D:4
   Lair: D:8-11         Orc: D:9-12

Altars:
Ashenzari
Cheibriados
Dithmenos
Elyvilon
Fedhas
Gozag
Hepliaklqana
Kikubaaqudgha
Makhleb
Nemelex Xobeh
Okawaru
Qazlal
Ru
Sif Muna
Trog
Uskayaw
Vehumet
Xom
Yredelemnul
Zin
The Shining One

Shops:
D:4 (   D:8 [?

Annotations:
D:3 Grinder
D:5 Fingolfin's ghost, amateur NaTm


Innate Abilities, Weirdness & Mutations

You are resistant to damage.
You can heal yourself by infusing magical energy.
You passively map the area around you.
You do not regenerate.


Message History

Confirm with . or Enter, or press ? or * to list all spells.
Aiming: Vampiric Draining
Press: ? - help, Shift-Dir - straight line, f/p - two-headed ogre
Aim: a two-headed ogre, wielding a giant club and a dire flail (moderately wounded)
The two-headed ogre is heavily wounded.
You feel life coursing into your body.
The two-headed ogre hits you with a giant club!
* * * LOW HITPOINT WARNING * * *
The two-headed ogre hits you with a dire flail.
Unknown command.
You hit the two-headed ogre but do no damage.
The two-headed ogre is heavily wounded.
The two-headed ogre hits you with a giant club.
* * * LOW HITPOINT WARNING * * *
The two-headed ogre completely misses you.
You hit the two-headed ogre.
The two-headed ogre is heavily wounded.
The two-headed ogre hits you with a giant club!
You die...
Your body crumbles into a pile of gold.

#...........<.
#!####.###### #.#
#.## #.# #..# #.#
##.# # #.# #.# ###
#h# #.# ##.. #O#
#.# #..s #@# #.#
#..#
#.#####.#######..#
#............##..#
#######.####.##..#
#.####.##..#
#<.$.s.)....
####.).....# *
#.###)..# * , ...#
#....


You could see a two-headed ogre and a hound.

Vanquished Creatures
  A two-headed ogre (D:9)
  Psyche (D:8)
  Eustachio (D:6)
  An ice beast (D:7)
  2 orc warriors
  Duvessa (D:4)
  A sky beast (D:5)
  2 centaurs
  An ogre (D:8)
  2 bullfrogs (D:7)
  Dowan (D:4)
  3 scorpions
  4 wights
  2 howler monkeys
  3 crimson imps
  3 jellies
  4 hounds
  10 orc wizards
  A bullfrog skeleton (D:8)
  3 orc priests
  Crazy Yiuf (D:3)
  A centaur skeleton (D:5)
  Jessica (D:2)
  An iguana (D:4)
  Natasha (twice) (D:2)
  3 worker ants
  A hound zombie (D:8)
  6 gnolls
  16 adders
  A shadow imp (D:8)
  An adder skeleton (D:6)
  A dart slug (D:3)
  6 leopard geckos
  33 orcs
  2 ball pythons
  7 bats
  11 giant cockroaches
  9 goblins
  7 hobgoblins
  3 jackals (D:1)
  10 kobolds
  6 quokkas
  5 frilled lizards
  6 rats
187 creatures vanquished.

Notes
Turn   | Place    | Note
-------+----------+-------------------------------------------
     0 | D:1      | letownia2 the Deep Dwarf Necromancer began the quest for the Orb.
     0 | D:1      | Reached XP level 1. HP: 15/15 MP: 3/3
    53 | D:1      | Reached skill level 2 in Spellcasting
   159 | D:2      | Reached XP level 2. HP: 22/22 MP: 3/5
   188 | D:3      | Reached skill level 5 in Necromancy
   383 | D:4      | Reached XP level 3. HP: 28/28 MP: 3/6
   388 | D:4      | Learned a level 3 spell: Vampiric Draining
   425 | D:4      | Noticed Dowan
   558 | D:4      | Found Byczoock's Antique Weapon Boutique.
   585 | D:4      | Found a sparkling altar of Nemelex Xobeh.
   630 | D:4      | Found a shadowy altar of Dithmenos.
   668 | D:4      | Noticed a scorpion
   706 | D:4      | Killed a scorpion
   706 | D:4      | Reached XP level 4. HP: 36/36 MP: 0/7
  1004 | D:4      | Noticed a phantom
  1080 | D:4      | Reached skill level 1 in Armour
  1124 | D:4      | Found a staircase to the Ecumenical Temple.
  1137 | Temple   | Entered the Ecumenical Temple
  1349 | D:3      | Reached XP level 5. HP: 38/42 MP: 6/8
  1527 | D:2      | Noticed Jessica
  1535 | D:2      | Killed Jessica
  1779 | D:2      | Noticed Natasha
  1782 | D:2      | Killed Natasha
  2146 | D:3      | Noticed Grinder
  2174 | D:3      | Reached XP level 6. HP: 47/49 MP: 1/9
  2739 | D:3      | Found a runed door.
  3250 | D:5      | Entered Level 5 of the Dungeon
  3269 | D:5      | Noticed Fingolfin's ghost (amateur NaTm)
  3291 | D:5      | Reached skill level 3 in Spellcasting
  3291 | D:5      | Reached XP level 7. HP: 31/55 MP: 0/11
  3386 | D:5      | Got a twisted battleaxe
  3387 | D:5      | Identified the +0 battleaxe of Unreason {pain, Dex+5} (You found it on level 5 of the Dungeon)
  3566 | D:5      | Found a shimmering altar of Xom.
  3566 | D:5      | Found a bloodstained altar of Trog.
  3566 | D:5      | Found an opulent altar of Gozag.
  3566 | D:5      | Found a radiant altar of Vehumet.
  3572 | D:5      | Found a snail-covered altar of Cheibriados.
  3572 | D:5      | Found an iron altar of Okawaru.
  3577 | D:5      | Became a worshipper of Gozag Ym Sagoz the Greedy
  3789 | D:3      | Noticed Crazy Yiuf
  3792 | D:3      | Killed Crazy Yiuf
  3792 | D:3      | Reached skill level 4 in Spellcasting
  4529 | D:2      | Noticed Natasha
  4538 | D:2      | Killed Natasha
  4957 | D:4      | Noticed Duvessa
  4968 | D:4      | Killed Duvessa
  4969 | D:4      | Killed Dowan
  4969 | D:4      | Reached skill level 5 in Spellcasting
  4991 | D:4      | Reached XP level 8. HP: 50/62 MP: 0/15
  5435 | D:6      | Found an ancient bone altar of Kikubaaqudgha.
  5500 | D:6      | Reached skill level 6 in Spellcasting
  5563 | D:6      | Found a blossoming altar of Fedhas.
  5580 | D:6      | Noticed Eustachio
  5602 | D:6      | Killed Eustachio
  5857 | D:6      | Reached skill level 7 in Spellcasting
  6152 | D:7      | Found a white marble altar of Elyvilon.
  6161 | D:7      | Reached skill level 8 in Spellcasting
  6177 | D:7      | Gained mutation: You passively map the area around you. [Deep Dwarf growth]
  6177 | D:7      | Reached XP level 9. HP: 46/68 MP: 14/21
  7119 | D:8      | Noticed Psyche
  7146 | D:8      | Paralysed by Psyche for 6 turns
  7163 | D:8      | Killed Psyche
  7163 | D:8      | Reached skill level 9 in Spellcasting
  7230 | D:8      | Found Zook's Magic Scroll Boutique.
  7327 | D:8      | Found a glowing golden altar of the Shining One.
  7657 | D:8      | Reached skill level 1 in Fighting
  7728 | D:9      | Noticed a two-headed ogre
  7736 | D:9      | Killed a two-headed ogre
  7836 | D:9      | Noticed a two-headed ogre
  7867 | D:9      | Slain by a two-headed ogre

Skill      XL: |  1  2  3  4  5  6  7  8  9 |
---------------+----------------------------+-----
Spellcasting   | 2 3 5 8 9 |  9.5
Necromancy     | 5 6 7 8 |  8.3
Armour         | 1 2 3 |  3.0
Fighting       | 4 |  4.6
Dodging        | |  2.1
Stealth        | |  2.4

Action                   |  1- 3 |  4- 6 |  7- 9 || total
-------------------------+-------+-------+-------++-------
Melee: Unarmed           |     2 |       |       ||     2
       Dagger            |       |    19 |    15 ||    34
       Battleaxe         |       |       |    45 ||    45
       Flail             |       |       |    86 ||    86
       Quarterstaff      |       |       |    27 ||    27
       Staff             |       |       |    10 ||    10
 Cast: Pain              |    27 |   112 |   156 ||   295
       Vampiric Draining |       |     6 |    66 ||    72
Invok: Call Merchant     |       |       |     1 ||     1
  Use: Scroll            |       |       |     5 ||     5
 Stab: Sleeping          |       |     1 |     1 ||     2
  Eat: Chunk             |       |    10 |     1 ||    11
       Royal jelly       |       |       |     2 ||     2
       Meat ration       |       |       |     3 ||     3
Armor: Robe              |       |     9 |     8 ||    17
       Scale mail        |       |       |   210 ||   210
Dodge: Dodged            |     6 |    38 |   178 ||   222
